 Seeded DCSS version 0.29.1-15-g9cfb28693d (webtiles) character file.

Game seed: 5852750519012672489 (custom seed)

66 Twinkles the Conjurer (level 4, 0/22 HPs)
             Began as a Vine Stalker Conjurer on June 4, 2023.
             Was a Follower of Fedhas.
             Slain by Terence
             ... wielding a +0 hand axe
              (5 damage)
             ... on level 3 of the Dungeon.
             The game lasted 00:03:28 (2407 turns).

Twinkles the Conjurer (Vine Stalker Conjurer)       Turns: 2407, Time: 00:03:29

Health: 0/22       AC:  3    Str: 10    XL:     4   Next: 15%
Magic:  0/9        EV: 11    Int: 20    God:    Fedhas [*.....]
Gold:   92         SH:  0    Dex: 12    Spells: 6/9 levels left

rFire   . . .      SeeInvis .   (no weapon)
rCold   . . .      Faith    .   (no shield)
rNeg    . . .      Spirit   +   c - +0 leather armour
rPois   .          Reflect  .   (no helmet)
rElec   .          Harm     .   (no cloak)
rCorr   .          Rampage  .   (no gloves)
Will    .....                   (no boots)
Stlth   ++........              (no amulet)
HPRegen 0.87/turn               (no ring)
MPRegen 0.11/turn               (no ring)

@: no status effects
A: fangs 2, regeneration 1, magic shield, antimagic bite, no potion heal 2
a: Renounce Religion


You were on level 3 of the Dungeon.
You worshipped Fedhas.
Fedhas was aware of your devotion.
You visited 1 branch of the dungeon, and saw 3 of its levels.

You collected 92 gold pieces.

Inventory:

Armour
 a - a +0 robe
 c - a +0 leather armour (worn)
Scrolls
 d - 2 scrolls of identify {unknown}
 e - a scroll of poison {unknown}
 f - a scroll of magic mapping {unknown}
 g - a scroll of vulnerability {unknown}
 h - a scroll of noise {unknown}
 j - a scroll of fog {unknown}
Potions
 b - a potion of magic
 i - 2 potions of brilliance {unknown}
 k - a potion of curing {unknown}
 l - a potion of cancellation {unknown}
 m - 3 potions of might {unknown}
 n - 2 potions of heal wounds {unknown}


   Skills:
 + Level 1.6 Fighting
 - Level 1.5 Dodging
 - Level 2.4 Stealth
 + Level 3.0 Spellcasting
 + Level 4.5 Conjurations
 + Level 0.5 Invocations


You had 6 spell levels left.
You knew the following spells:

 Your Spells              Type           Power      Damage    Failure   Level
a - Magic Dart            Conj           84%        1d7       3%          1
b - Searing Ray           Conj           42%        2d6       4%          2

Your spell library contained the following spells:

 Spells                   Type           Power      Damage    Failure   Level
 Dazzling Flash           Conj/Hex       24%        N/A       22%         3
 Fulminant Prism          Conj/Hex       6%         3d7       58%         4
 Iskenderun's Mystic Bla  Conj/Tloc      12%        2d5       58%         4


Dungeon Overview and Level Annotations

Branches:
Dungeon (3/15)

Altars:
Fedhas

Annotations:
D:3 Terence


Innate Abilities, Weirdness & Mutations

You have extremely sharp teeth.
Your natural rate of healing is unusually fast.
When hurt, damage is shared between your health and your magic reserves.
Your bite disrupts and absorbs the magic of your enemies.
Potions cannot restore your health.


Message History

(Press . to maintain the ray.) Terence hits you with a +0 hand axe.
The searing ray hits Terence.
Terence is heavily wounded.
Terence closely misses you.
The searing ray hits Terence.
Terence is almost dead.
Terence hits you with a +0 hand axe!
Without enough magic to sustain it, your searing ray dissipates.
Terence completely misses you.
You barely miss Terence. You bite Terence, but do no damage.
Terence is almost dead.
Terence hits you with a +0 hand axe.
You hit Terence.
Terence is almost dead.
Terence hits you with a +0 hand axe!
* * * LOW HITPOINT WARNING * * *
You hit Terence but do no damage. You bite Terence. You drain his power.
You feel invigorated.
Terence is almost dead.
Terence closely misses you.
Casting: Searing Ray (safe; 4% risk of failure)
Confirm with . or Enter, or press ? or * to list all spells.
Aiming: Searing Ray (safe; 4% risk of failure)
Press: ? - help, Shift-Dir - straight line, f/p - Terence
Aim: Terence, wielding a +0 hand axe and wearing a +0 chain mail (almost dead, 84% to hit)
The searing ray hits Terence but does no damage.
Terence is almost dead. (Press . to maintain the ray.) Terence barely misses you.
Casting: Searing Ray (safe; 4% risk of failure)
Confirm with . or Enter, or press ? or * to list all spells.
You don't have enough magic to cast this spell.
Without enough magic to sustain it, your searing ray dissipates.
Terence barely misses you.
You hit Terence.
Terence is almost dead.
Terence hits you with a +0 hand axe.
You die...
Fedhas appreciates your contribution to the ecosystem.

.## ..### . ...##
##. ... ... .
###.####.##.. #
#............
###..###.#.....##..
.......<..>@@......
####.###.##....##..
.?.##.[..#
......#....#
#.......#....#
#.......#......
+.......#.....#.
#.......#####.#


You could see Terence.

Vanquished Creatures
  2 adders (D:2)
  A worm (D:2)
  A dart slug (D:1)
  4 ball pythons
  3 bats
  8 endoplasms
  2 giant cockroaches
  4 goblins
  2 hobgoblins
  4 kobolds
  A quokka (D:2)
  2 frilled lizards (D:2)
  4 rats
38 creatures vanquished.

Notes
Turn   | Place    | Note
-------+----------+-------------------------------------------
     0 | D:1      | Twinkles the Vine Stalker Conjurer began the quest for the
                  | Orb.
     0 | D:1      | Reached XP level 1. HP: 9/9 MP: 4/4
   368 | D:1      | Reached XP level 2. HP: 14/14 MP: 4/6
   775 | D:1      | Reached skill level 1 in Fighting
  1317 | D:2      | Reached XP level 3. HP: 18/18 MP: 6/8
  1707 | D:2      | Found a faded altar of an unknown god.
  1715 | D:2      | Prayed at the altar of an unknown god.
  1715 | D:2      | Became a worshipper of Fedhas Madash
  1715 | D:2      | Reached * piety under Fedhas
  2015 | D:2      | Gained mutation: Your natural rate of healing is unusually
                  | fast. [Vine Stalker growth]
  2015 | D:2      | Reached XP level 4. HP: 22/22 MP: 5/9
  2018 | D:2      | Learned a level 2 spell: Searing Ray
  2390 | D:3      | Noticed Terence
  2407 | D:3      | Slain by Terence

Illustrated notes

Levels and vault maps discovered:
D:1:      dpeg_arrival_rooms_a, layout_basic, serial_forest,
          infiniplex_forest_end_double, infiniplex_forest_end_2,
          infiniplex_forest_lined_2, infiniplex_forest_straight_4,
          infiniplex_forest_lined_room_2, infiniplex_forest_clump_small,
          infiniplex_forest_straight_5, infiniplex_forest_straight_5
D:2:      layout_loops_ring, chequers_ecumenical_altar_island,
          kennysheep_generic_room_6
D:3:      layout_basic, lemuel_zombie_altar_kikubaaqudgha, uniq_robin,
          uniq_terence, uniq_natasha, uniq_ijyb

Skill      XL: |  1  2  3 |
---------------+----------+-----
Fighting       | 1 |  1.6
Spellcasting   | 3 |  3.0
Dodging        | |  1.5
Stealth        | |  2.4
Conjurations   | |  4.5
Invocations    | |  0.5

Action                   |  1- 3 |  4- 6 || total
-------------------------+-------+-------++-------
Melee: Unarmed           |       |     4 ||     4
       Bite              |       |     2 ||     2
 Cast: Magic Dart        |    61 |     7 ||    68
       Searing Ray       |       |     4 ||     4
Dodge: Dodged            |     1 |     7 ||     8
